| TOP OF THE 1ST |
|
Quad Cities River Bandits batting - Pitching for Lexington Legends : RHP Gabe Torres
|
|
Pitching: RHP Gabe Torres
|
|
|
Batting: RHB Ben Hoffman
|
0-0: Ball 1-0: Swinging Strike 1-1: Foul Ball, location: 2F 1-2: Strikes out swinging
|
|
Batting: LHB Kelvin Jones
|
0-0: Ball 1-0: Ball 2-0: Ball 3-0: Base on Balls
|
|
Batting: LHB Daniel Lopez
|
0-0: Ball Kelvin Jones is caught stealing 2nd base 2-6 1-0: Foul Ball, location: 2F 1-1: Ball 2-1: Swinging Strike 2-2: Ball 3-2: Base on Balls
|
|
Batting: RHB Joe Cook
|
0-0: Foul Ball, location: 2F 0-1: Foul Ball, location: 2F 0-2: Foul Ball, location: 2F 0-2: Ball 1-2: Strikes out swinging
|
| Top of the 1st over - 0 runs, 0 hits, 0 errors, 1 left on base; Quad Cities 0 - Lexington 0 |
| BOTTOM OF THE 1ST |
|
Lexington Legends batting - Pitching for Quad Cities River Bandits : RHP Alex Salinas
|
|
Pitching: RHP Alex Salinas
|
|
|
Batting: RHB Matt Belgard
|
0-0: Ball 1-0: Called Strike 1-1: Fly out, F4 (Flyball, 34D, EV 89.4 MPH)
|
|
Batting: RHB Yi-lin Niu
|
0-0: Ground out 5-3 (Groundball, 56, EV 76.9 MPH)
|
|
Batting: RHB Kevin Roseen
|
0-0: Swinging Strike 0-1: Called Strike 0-2: Foul Ball, location: 2F 0-2: Ball 1-2: Ball 2-2: Ball 3-2: Base on Balls
|
|
Batting: RHB Justin Bonner
|
0-0: Ball 1-0: SINGLE (Groundball, 34D, EV 103.8 MPH) Kevin Roseen to second Runner from 2nd tries for 3rd, SAFE, no throw by RF
|
|
Batting: RHB Alex Cid
|
0-0: Swinging Strike 0-1: Ground out U3 (Groundball, 34S, EV 89.4 MPH)
|
| Bottom of the 1st over - 0 runs, 1 hit, 0 errors, 2 left on base; Quad Cities 0 - Lexington 0 |
| TOP OF THE 2ND |
|
Quad Cities River Bandits batting - Pitching for Lexington Legends : RHP Gabe Torres
|
|
Pitching: RHP Matt Voulgaris
|
|
|
Batting: RHB Ben Glavich
|
0-0: Ball 1-0: Called Strike 1-1: Fly out, F9 (Flyball, 9, EV 72.5 MPH)
|
|
Batting: RHB Colin Cranford
|
0-0: Ball 1-0: Ball 2-0: Foul Ball, location: 2F 2-1: Ball 3-1: Base on Balls
|
|
Batting: RHB Steve Moore
|
0-0: Called Strike 0-1: Ball 1-1: Ball 2-1: Fly out, F7 (Flyball, 7S, EV 81.9 MPH)
|
|
Batting: RHB Chris Miller
|
0-0: Ball 1-0: Reached on error, E2 (Groundball, 2L, EV 70.0 MPH) Colin Cranford to third
|
|
Batting: LHB Jimmy Edlin
|
0-0: Ball 1-0: Called Strike 1-1: SINGLE (Line Drive, 9S, EV 90.0 MPH) Colin Cranford scores Chris Miller to third Runner from 3rd tries for Home, throw by RF and OUT! 9-2
|
| Top of the 2nd over - 1 run, 1 hit, 1 error, 1 left on base; Quad Cities 1 - Lexington 0 |
| BOTTOM OF THE 2ND |
|
Lexington Legends batting - Pitching for Quad Cities River Bandits : RHP Alex Salinas
|
|
Batting: LHB Josh Moore
|
0-0: Ball 1-0: SINGLE (Groundball, 34D, EV 107.5 MPH)
|
|
Batting: SHB Jason Anaya
|
0-0: Called Strike 0-1: Foul Ball, location: 2F 0-2: SINGLE (Groundball, 6MD, EV 110.0 MPH) Josh Moore to second Runner from 2nd tries for 3rd, SAFE, no throw by CF
|
|
Batting: RHB Andy Urquhart
|
0-0: Ball 1-0: Foul Ball, location: 2F 1-1: Hit by Pitch Jason Anaya to second
|
|
Batting: RHB Matt Tittle
|
0-0: Swinging Strike 0-1: Swinging Strike 0-2: Strikes out looking
|
|
Batting: RHB Matt Belgard
|
0-0: Foul Ball, location: 2F 0-1: Foul Ball, location: 2F 0-2: Strikes out swinging
|
|
Batting: RHB Yi-lin Niu
|
0-0: SINGLE (Line Drive, 6M, EV 99.4 MPH) Josh Moore scores Jason Anaya to third Andy Urquhart to second
|
|
Batting: RHB Kevin Roseen
|
0-0: Ball 1-0: Swinging Strike 1-1: Ball 2-1: Fly out, F8 (Flyball, 78M, EV 88.8 MPH)
|
| Bottom of the 2nd over - 1 run, 3 hits, 0 errors, 3 left on base; Quad Cities 1 - Lexington 1 |
| TOP OF THE 3RD |
|
Quad Cities River Bandits batting - Pitching for Lexington Legends : RHP Matt Voulgaris
|
|
Batting: RHB Ben Hoffman
|
0-0: Called Strike 0-1: Ball 1-1: Foul Ball, location: 2F 1-2: Ground out 4-3 (Groundball, 34, EV 101.9 MPH)
|
|
Pitching: LHP Joel Page
|
|
|
Batting: LHB Kelvin Jones
|
0-0: Foul Ball, location: 2F 0-1: Ball 1-1: SINGLE (Line Drive, 56D, EV 95.0 MPH)
|
|
Batting: LHB Daniel Lopez
|
0-0: Ball 1-0: Called Strike 1-1: Ball 2-1: Ball 3-1: Base on Balls Kelvin Jones to second
|
|
Batting: RHB Joe Cook
|
0-0: Called Strike Kelvin Jones steals 3rd base Daniel Lopez to second 0-1: Foul Ball, location: 2F 0-2: Ball 1-2: Ball 2-2: Ball 3-2: Base on Balls
|
|
Batting: RHB Ben Glavich
|
0-0: Ball 1-0: Ball 2-0: SINGLE (Line Drive, 7LS, EV 102.5 MPH) Kelvin Jones scores Daniel Lopez to third Joe Cook to second
|
|
Batting: RHB Colin Cranford
|
0-0: Fly out, F9 (Line Drive, 9S, EV 89.4 MPH) Runner from 3rd tags up, OUT at HOME! 9-2
|
| Top of the 3rd over - 1 run, 2 hits, 0 errors, 2 left on base; Quad Cities 2 - Lexington 1 |
| BOTTOM OF THE 3RD |
|
Lexington Legends batting - Pitching for Quad Cities River Bandits : RHP Alex Salinas
|
|
Batting: RHB Justin Bonner
|
0-0: Called Strike 0-1: Called Strike 0-2: Ball 1-2: Strikes out swinging
|
|
Batting: RHB Alex Cid
|
0-0: Called Strike 0-1: Foul Ball, location: 2F 0-2: Ball 1-2: Ball 2-2: Strikes out swinging
|
|
Batting: LHB Josh Moore
|
0-0: Ball 1-0: Foul Ball, location: 2F 1-1: Ball 2-1: Swinging Strike 2-2: Foul Ball, location: 2F 2-2: Ball 3-2: Base on Balls
|
|
Batting: SHB Jason Anaya
|
0-0: Ball 1-0: Foul Ball, location: 2F 1-1: Ball 2-1: Ball 3-1: Called Strike 3-2: Foul Ball, location: 2F 3-2: Ground out 4-3 (Groundball, 4, EV 98.8 MPH)
|
| Bottom of the 3rd over - 0 runs, 0 hits, 0 errors, 1 left on base; Quad Cities 2 - Lexington 1 |
| TOP OF THE 4TH |
|
Quad Cities River Bandits batting - Pitching for Lexington Legends : LHP Joel Page
|
|
Pitching: RHP Brian Straub
|
|
|
Batting: RHB Steve Moore
|
0-0: Reached on error, E1 (Groundball, 15, EV 71.2 MPH)
|
|
Batting: RHB Chris Miller
|
0-0: Ball 1-0: Called Strike 1-1: 2-RUN HOME RUN (Flyball, 89XD, EV 104.4 MPH), Distance : 393 ft
|
|
Batting: LHB Jimmy Edlin
|
0-0: Called Strike 0-1: Ball 1-1: Bunted foul 1-2: Ball 2-2: Ball 3-2: Fly out, F8 (Flyball, 8RD, EV 85.6 MPH)
|
|
Batting: RHB Ben Hoffman
|
0-0: Ball 1-0: Foul Ball, location: 2F 1-1: Swinging Strike 1-2: Hit by Pitch
|
|
Batting: LHB Kelvin Jones
|
0-0: Ball Ben Hoffman steals 2nd base 1-0: Called Strike 1-1: Ball 2-1: Ball 3-1: Base on Balls
|
|
Pitching: LHP Ken Milhouse
|
|
|
Batting: LHB Daniel Lopez
|
0-0: Ball 1-0: Foul Ball, location: 2F 1-1: Called Strike 1-2: Ball 2-2: Ball 3-2: Foul Ball, location: 2F 3-2: Foul Ball, location: 2F 3-2: Foul Ball, location: 2F 3-2: Base on Balls Ben Hoffman to third Kelvin Jones to second
|
|
Batting: RHB Joe Cook
|
0-0: Ball 1-0: Ball 2-0: Ball 3-0: Base on Balls Ben Hoffman scores Kelvin Jones to third Daniel Lopez to second
|
|
Batting: RHB Ben Glavich
|
0-0: Ball 1-0: Foul Ball, location: 2F 1-1: DOUBLE (Groundball, 5L, EV 104.4 MPH) Kelvin Jones scores Daniel Lopez scores Joe Cook to third Runner from 3rd tries for Home, SAFE, throw by LF to home
|
|
Batting: RHB Colin Cranford
|
0-0: Ball 1-0: Ball 2-0: Ball 3-0: Called Strike 3-1: Base on Balls
|
|
Pitching: RHP Alex Sanders
|
|
|
Batting: RHB Steve Moore
|
0-0: Called Strike 0-1: Ball 1-1: Ball 2-1: Foul Ball, location: 2F 2-2: Fly out, F7 (Flyball, 7, EV 88.8 MPH)
|
|
Batting: RHB Chris Miller
|
0-0: Foul Ball, location: 2F 0-1: Hit by Pitch Ben Glavich to third Colin Cranford to second
|
|
Batting: LHB Jimmy Edlin
|
0-0: Ball 1-0: Ball 2-0: Called Strike 2-1: Foul Ball, location: 2F 2-2: Foul Ball, location: 2F 2-2: Ball 3-2: SINGLE (Groundball, 4S, EV 68.8 MPH) (infield hit) Ben Glavich scores Colin Cranford to third Chris Miller to second
|
|
Batting: RHB Ben Hoffman
|
0-0: Ball 1-0: Foul Ball, location: 2F 1-1: Ball 2-1: Ground out 6-3 (Groundball, 6M, EV 83.8 MPH)
|
| Top of the 4th over - 7 runs, 3 hits, 1 error, 3 left on base; Quad Cities 9 - Lexington 1 |
| BOTTOM OF THE 4TH |
|
Lexington Legends batting - Pitching for Quad Cities River Bandits : RHP Alex Salinas
|
|
Batting: RHB Andy Urquhart
|
0-0: Foul Ball, location: 2F 0-1: Ball 1-1: Foul Ball, location: 2F 1-2: Foul Ball, location: 2F 1-2: Foul Ball, location: 2F 1-2: Strikes out swinging
|
|
Batting: RHB Matt Tittle
|
0-0: Called Strike 0-1: Ball 1-1: Foul Ball, location: 2F 1-2: Ground out 5-3 (Groundball, 56S, EV 88.8 MPH)
|
|
Batting: RHB Matt Belgard
|
0-0: Called Strike 0-1: SINGLE (Groundball, 4MD, EV 111.2 MPH) (infield hit)
|
|
Batting: RHB Yi-lin Niu
|
0-0: Called Strike 0-1: Ball 1-1: Swinging Strike 1-2: Ball Matt Belgard steals 2nd base (no throw) 2-2: Ball 3-2: Base on Balls
|
|
Batting: RHB Kevin Roseen
|
0-0: Foul Ball, location: 2F 0-1: SINGLE (Groundball, 56D, EV 96.9 MPH) Matt Belgard to third Yi-lin Niu to second Runner from 3rd tries for Home, throw by LF and OUT! 7-2
|
| Bottom of the 4th over - 0 runs, 2 hits, 0 errors, 2 left on base; Quad Cities 9 - Lexington 1 |
| TOP OF THE 5TH |
|
Quad Cities River Bandits batting - Pitching for Lexington Legends : RHP Alex Sanders
|
|
Pitching: RHP Rick Young
|
|
|
Batting: LHB Kelvin Jones
|
0-0: Called Strike 0-1: Ball 1-1: Swinging Strike 1-2: Strikes out swinging
|
|
Batting: LHB Daniel Lopez
|
0-0: SOLO HOME RUN (Flyball, 9D, EV 95.6 MPH), Distance : 377 ft
|
|
Batting: RHB Joe Cook
|
0-0: Ball 1-0: Ball 2-0: Ball 3-0: Called Strike 3-1: Foul Ball, location: 2F 3-2: SINGLE (Groundball, 34D, EV 100.0 MPH) (infield hit)
|
|
Batting: RHB Ben Glavich
|
0-0: Fielders Choice at 2nd, 6-4 (Groundball, 6, EV 93.1 MPH)
|
|
Batting: RHB Colin Cranford
|
0-0: Swinging Strike 0-1: Foul Ball, location: 2F 0-2: Foul Ball, location: 2F 0-2: Ball 1-2: Strikes out swinging
|
| Top of the 5th over - 1 run, 2 hits, 0 errors, 1 left on base; Quad Cities 10 - Lexington 1 |
| BOTTOM OF THE 5TH |
|
Lexington Legends batting - Pitching for Quad Cities River Bandits : RHP Alex Salinas
|
|
Batting: RHB Justin Bonner
|
0-0: Called Strike 0-1: Ball 1-1: Called Strike 1-2: Foul Ball, location: 2F 1-2: Strikes out swinging
|
|
Pitching: RHP Arsène Serre
|
|
|
Batting: RHB Alex Cid
|
0-0: DOUBLE (Line Drive, 89D, EV 101.9 MPH)
|
|
Batting: LHB Josh Moore
|
0-0: Ball 1-0: Ball 2-0: Called Strike 2-1: SINGLE (Groundball, 4MD, EV 101.9 MPH) Alex Cid to third Runner from 3rd tries for Home, SAFE, throw by CF to home Josh Moore to second
|
|
Batting: SHB Jason Anaya
|
0-0: Foul Ball, location: 2F 0-1: Ball 1-1: Ball 2-1: Foul Ball, location: 2F 2-2: DOUBLE (Flyball, 8RXD, EV 91.9 MPH) Josh Moore scores
|
|
Batting: RHB Andy Urquhart
|
0-0: DOUBLE (Line Drive, 9LM, EV 111.9 MPH) Jason Anaya scores
|
|
Batting: RHB Matt Tittle
|
0-0: Ball 1-0: Ball Andy Urquhart steals 3rd base 2-0: Called Strike 2-1: Swinging Strike 2-2: Ground out 5-3 (Groundball, 5L, EV 91.2 MPH)
|
|
Batting: RHB Matt Belgard
|
0-0: Called Strike 0-1: 2-RUN HOME RUN (Flyball, 78XD, EV 97.5 MPH), Distance : 398 ft
|
|
Pitching: RHP Chris Miles
|
|
|
Batting: RHB Yi-lin Niu
|
0-0: Ball 1-0: Called Strike 1-1: SINGLE (Groundball, 56, EV 104.4 MPH) (infield hit)
|
|
Batting: RHB Kevin Roseen
|
0-0: Ball Yi-lin Niu steals 2nd base (no throw) 1-0: Ball 2-0: Called Strike 2-1: Swinging Strike 2-2: Foul Ball, location: 2F 2-2: Ball 3-2: Foul Ball, location: 2F 3-2: Base on Balls
|
|
Batting: RHB Justin Bonner
|
0-0: Foul Ball, location: 2F 0-1: Ball 1-1: Ground out 1-3 (Groundball, 13S, EV 70.0 MPH)
|
| Bottom of the 5th over - 5 runs, 6 hits, 0 errors, 2 left on base; Quad Cities 10 - Lexington 6 |
| TOP OF THE 6TH |
|
Quad Cities River Bandits batting - Pitching for Lexington Legends : RHP Rick Young
|
|
Batting: RHB Steve Moore
|
0-0: Foul Ball, location: 2F 0-1: Swinging Strike 0-2: Ball 1-2: SOLO HOME RUN (Flyball, 78XD, EV 115.0 MPH), Distance : 442 ft
|
|
Batting: RHB Chris Miller
|
0-0: Ball 1-0: Ball 2-0: Foul Ball, location: 2F 2-1: Ball 3-1: Foul Ball, location: 2F 3-2: Strikes out swinging
|
|
Batting: LHB Jimmy Edlin
|
0-0: Ball 1-0: Ball 2-0: Ball 3-0: Base on Balls
|
|
Batting: RHB Ben Hoffman
|
0-0: Ball 1-0: Ball 2-0: Foul Ball, location: 2F 2-1: Called Strike 2-2: Foul Ball, location: 2F 2-2: Strikes out swinging
|
|
Batting: LHB Kelvin Jones
|
0-0: Called Strike 0-1: Foul Ball, location: 2F 0-2: Ball 1-2: Foul Ball, location: 2F 1-2: Strikes out swinging
|
| Top of the 6th over - 1 run, 1 hit, 0 errors, 1 left on base; Quad Cities 11 - Lexington 6 |
| BOTTOM OF THE 6TH |
|
Lexington Legends batting - Pitching for Quad Cities River Bandits : RHP Chris Miles
|
|
Batting: RHB Alex Cid
|
0-0: Ground out 6-3 (Groundball, 6, EV 104.4 MPH)
|
|
Batting: LHB Josh Moore
|
0-0: SINGLE (Groundball, 6D, EV 102.5 MPH)
|
|
Batting: SHB Jason Anaya
|
0-0: Ball 1-0: Ground out 6-3 (Groundball, 6S, EV 68.1 MPH) Josh Moore to second
|
|
Pitching: RHP Ray Leuthauser
|
|
|
Batting: RHB Andy Urquhart
|
0-0: Ball 1-0: Called Strike 1-1: Ball 2-1: Fly out, F4 (Popup, 13, EV 79.4 MPH)
|
| Bottom of the 6th over - 0 runs, 1 hit, 0 errors, 1 left on base; Quad Cities 11 - Lexington 6 |
| TOP OF THE 7TH |
|
Quad Cities River Bandits batting - Pitching for Lexington Legends : RHP Rick Young
|
|
Batting: LHB Daniel Lopez
|
0-0: Ball 1-0: Called Strike 1-1: SINGLE (Line Drive, 6D, EV 95.6 MPH)
|
|
Batting: RHB Joe Cook
|
0-0: Ball 1-0: SINGLE (Line Drive, 7S, EV 101.9 MPH) Daniel Lopez to second
|
|
Batting: RHB Ben Glavich
|
0-0: Ball 1-0: Foul Ball, location: 2F 1-1: Called Strike 1-2: Ball 2-2: Foul Ball, location: 2F 2-2: Ball 3-2: Strikes out looking
|
|
Batting: RHB Colin Cranford
|
0-0: Swinging Strike 0-1: Ball 1-1: Foul Ball, location: 2F 1-2: Strikes out swinging
|
|
Batting: RHB Steve Moore
|
0-0: Foul Ball, location: 2F 0-1: SINGLE (Groundball, 34D, EV 96.9 MPH) Daniel Lopez to third Joe Cook to second
|
|
Batting: RHB Chris Miller
|
0-0: Called Strike 0-1: Ball 1-1: Swinging Strike 1-2: Foul Ball, location: 2F 1-2: Strikes out swinging
|
| Top of the 7th over - 0 runs, 3 hits, 0 errors, 3 left on base; Quad Cities 11 - Lexington 6 |
| BOTTOM OF THE 7TH |
|
Lexington Legends batting - Pitching for Quad Cities River Bandits : RHP Ray Leuthauser
|
|
Batting: RHB Matt Tittle
|
0-0: SINGLE (Groundball, 56D, EV 93.8 MPH)
|
|
Batting: RHB Matt Belgard
|
0-0: Ball 1-0: Fly out, F8 (Line Drive, 8LD, EV 85.6 MPH)
|
|
Batting: RHB Yi-lin Niu
|
0-0: Ball 1-0: Ball 2-0: Ball 3-0: Called Strike 3-1: Base on Balls Matt Tittle to second
|
|
Batting: RHB Kevin Roseen
|
0-0: Called Strike 0-1: Ball 1-1: Ball 2-1: Ball 3-1: Base on Balls Matt Tittle to third Yi-lin Niu to second
|
|
Batting: RHB Justin Bonner
|
0-0: Ball 1-0: Foul Ball, location: 2F 1-1: Ball 2-1: Ball 3-1: Swinging Strike 3-2: Foul Ball, location: 2F 3-2: Base on Balls Matt Tittle scores Yi-lin Niu to third Kevin Roseen to second
|
|
Batting: RHB Alex Cid
|
0-0: Ball 1-0: Ball 2-0: Ball 3-0: Called Strike 3-1: Base on Balls Yi-lin Niu scores Kevin Roseen to third Justin Bonner to second
|
|
Batting: LHB Josh Moore
|
0-0: Ball 1-0: Foul Ball, location: 2F 1-1: Ball 2-1: Ball 3-1: Base on Balls Kevin Roseen scores Justin Bonner to third Alex Cid to second
|
|
Batting: SHB Jason Anaya
|
0-0: Ball 1-0: Called Strike 1-1: Ball 2-1: Called Strike 2-2: Ball 3-2: Fly out, F4 (Line Drive, 4, EV 68.1 MPH) Lined into DP, 4-6 (Line Drive, 4, EV 69.4 MPH)
|
| Bottom of the 7th over - 3 runs, 1 hit, 0 errors, 2 left on base; Quad Cities 11 - Lexington 9 |
| TOP OF THE 8TH |
|
Quad Cities River Bandits batting - Pitching for Lexington Legends : RHP Rick Young
|
|
Pitching: RHP Dante McCauley
|
|
|
Batting: LHB Jimmy Edlin
|
0-0: Fly out, F8 (Flyball, 89D, EV 98.1 MPH)
|
|
Batting: RHB Ben Hoffman
|
0-0: Ball 1-0: Ball 2-0: Foul Ball, location: 2F 2-1: Foul Ball, location: 2F 2-2: Ball 3-2: Foul Ball, location: 2F 3-2: Base on Balls
|
|
Batting: LHB Kelvin Jones
|
0-0: Ball Ben Hoffman steals 2nd base 1-0: Ball Ben Hoffman steals 3rd base (no throw) 2-0: Foul Ball, location: 2F 2-1: Ball 3-1: Swinging Strike 3-2: Foul Ball, location: 2F 3-2: Base on Balls
|
|
Batting: LHB Daniel Lopez
|
0-0: Ball Kelvin Jones steals 2nd base 1-0: Intentional Walk
|
|
Batting: RHB Joe Cook
|
0-0: Ball 1-0: Ball Wild Pitch! Ben Hoffman scores Kelvin Jones to third Daniel Lopez to second 2-0: Ball 3-0: Base on Balls
|
|
Batting: RHB Ben Glavich
|
0-0: Ball 1-0: DOUBLE (Groundball, 5D, EV 108.1 MPH) Kelvin Jones scores Daniel Lopez scores Joe Cook to third Runner from 3rd tries for Home, SAFE, no throw by LF
|
|
Batting: RHB Colin Cranford
|
0-0: Ball 1-0: Ball Balk! Ben Glavich to third 2-0: Called Strike 2-1: Ball 3-1: Ground out 6-3 (Groundball, 6, EV 109.4 MPH) Ben Glavich scores
|
|
Batting: RHB Steve Moore
|
0-0: DOUBLE (Line Drive, 8RXD, EV 99.4 MPH)
|
|
Batting: RHB Chris Miller
|
0-0: Foul Ball, location: 2F 0-1: Called Strike 0-2: Ball 1-2: Foul Ball, location: 2F 1-2: Foul Ball, location: 2F 1-2: Foul Ball, location: 2F 1-2: Ball 2-2: Ball 3-2: Foul Ball, location: 2F 3-2: Foul Ball, location: 2F 3-2: Base on Balls
|
|
Pinch Hitting: SHB Salvador Gomez
|
0-0: Ball 1-0: Called Strike 1-1: Swinging Strike 1-2: Ball 2-2: Ball 3-2: Foul Ball, location: 2F 3-2: DOUBLE (Line Drive, 78D, EV 109.4 MPH) Steve Moore scores Chris Miller to third Chris Miller scores
|
|
Batting: RHB Ben Hoffman
|
0-0: Ball 1-0: SINGLE (Groundball, 25, EV 75.0 MPH) (infield hit) Salvador Gomez to third
|
|
Batting: LHB Kelvin Jones
|
0-0: Ball 1-0: Ball 2-0: Ball Balk! Salvador Gomez scores Ben Hoffman to second 3-0: Base on Balls
|
|
Pitching: RHP Allen Crenshaw
|
|
|
Batting: LHB Daniel Lopez
|
0-0: Fielders Choice at 2nd, 6-4 (Groundball, 6D, EV 103.1 MPH)
|
| Top of the 8th over - 8 runs, 4 hits, 0 errors, 2 left on base; Quad Cities 19 - Lexington 9 |
| BOTTOM OF THE 8TH |
|
Lexington Legends batting - Pitching for Quad Cities River Bandits : RHP Ray Leuthauser
|
|
Pitching: LHP Dylan LaRose
|
|
|
Now at 1B: Salvador Gomez
|
|
|
Batting: RHB Andy Urquhart
|
0-0: SINGLE (Groundball, 6S, EV 75.6 MPH) (infield hit)
|
|
Batting: RHB Matt Tittle
|
0-0: Ball 1-0: Ball 2-0: Called Strike 2-1: DOUBLE (Line Drive, 9LM, EV 96.2 MPH) Andy Urquhart to third
|
|
Batting: RHB Matt Belgard
|
0-0: Ball 1-0: Foul Ball, location: 2F 1-1: Ball 2-1: Swinging Strike 2-2: Ball 3-2: Base on Balls
|
|
Batting: RHB Yi-lin Niu
|
0-0: Ball 1-0: SINGLE (Line Drive, 6MD, EV 93.8 MPH) Andy Urquhart scores Matt Tittle to third Matt Belgard to second
|
|
Batting: RHB Kevin Roseen
|
0-0: Foul Ball, location: 2F 0-1: Ball 1-1: Ball 2-1: Ball 3-1: Base on Balls Matt Tittle scores Matt Belgard to third Yi-lin Niu to second
|
|
Batting: RHB Justin Bonner
|
0-0: Foul Ball, location: 2F 0-1: Foul Ball, location: 2F 0-2: Ball 1-2: SINGLE (Line Drive, 6MD, EV 98.1 MPH) Matt Belgard scores Yi-lin Niu to third Kevin Roseen to second
|
|
Batting: RHB Alex Cid
|
0-0: Called Strike 0-1: Swinging Strike 0-2: Ball 1-2: Ball 2-2: Foul Ball, location: 2F 2-2: Foul Ball, location: 2F 2-2: Foul Ball, location: 2F 2-2: Ball 3-2: SINGLE (Line Drive, 78S, EV 103.8 MPH) Yi-lin Niu scores Kevin Roseen to third Justin Bonner to second
|
|
Batting: LHB Josh Moore
|
0-0: Ball 1-0: Called Strike 1-1: Ball 2-1: Ball 3-1: Grounds into double play, 4-6-3 (Groundball, 34D, EV 105.0 MPH) Kevin Roseen scores Justin Bonner to third
|
|
Batting: SHB Jason Anaya
|
0-0: Ball Steal of home, Justin Bonner is out
|
| Bottom of the 8th over - 5 runs, 5 hits, 0 errors, 0 left on base; Quad Cities 19 - Lexington 14 |
| TOP OF THE 9TH |
|
Quad Cities River Bandits batting - Pitching for Lexington Legends : RHP Allen Crenshaw
|
|
Batting: RHB Joe Cook
|
0-0: Ball 1-0: SOLO HOME RUN (Flyball, 8RXD, EV 105.6 MPH), Distance : 430 ft
|
|
Batting: RHB Ben Glavich
|
0-0: Called Strike 0-1: SINGLE (Groundball, 4D, EV 101.9 MPH)
|
|
Batting: RHB Colin Cranford
|
0-0: Ball 1-0: Called Strike 1-1: Foul Ball, location: 2F 1-2: Ball 2-2: Ball 3-2: Foul Ball, location: 2F 3-2: Foul Ball, location: 2F 3-2: Reached on error, E5 (Groundball, 56, EV 85.6 MPH) Ben Glavich to second
|
|
Batting: RHB Steve Moore
|
0-0: Ball 1-0: Ball 2-0: Ball 3-0: Base on Balls Ben Glavich to third Colin Cranford to second
|
|
Batting: RHB Chris Miller
|
0-0: Called Strike 0-1: Ball 1-1: Hit by Pitch Ben Glavich scores Colin Cranford to third Steve Moore to second
|
|
Batting: SHB Salvador Gomez
|
0-0: Foul Ball, location: 2F 0-1: Foul Ball, location: 2F 0-2: SINGLE (Line Drive, 9S, EV 106.2 MPH) Colin Cranford scores Steve Moore to third Chris Miller to second
|
|
Batting: RHB Ben Hoffman
|
0-0: Called Strike 0-1: Ball 1-1: SINGLE (Flyball, 5D, EV 98.1 MPH) Steve Moore scores Chris Miller to third Salvador Gomez to second
|
|
Batting: LHB Kelvin Jones
|
0-0: Ball 1-0: Ball 2-0: TRIPLE (Flyball, 78XD, EV 89.4 MPH) Chris Miller scores Salvador Gomez scores Ben Hoffman scores
|
|
Batting: LHB Daniel Lopez
|
0-0: Foul Ball, location: 2F 0-1: Foul Ball, location: 2F 0-2: Ball 1-2: Strikes out looking
|
|
Batting: RHB Joe Cook
|
0-0: Ball 1-0: Fly out, F8 (Flyball, 8RD, EV 96.2 MPH)
|
|
Batting: RHB Ben Glavich
|
0-0: Ground out 1-3 (Groundball, P, EV 71.9 MPH)
|
| Top of the 9th over - 7 runs, 5 hits, 1 error, 1 left on base; Quad Cities 26 - Lexington 14 |
| BOTTOM OF THE 9TH |
|
Lexington Legends batting - Pitching for Quad Cities River Bandits : LHP Dylan LaRose
|
|
Pitching: RHP Matt Parker
|
|
|
Batting: SHB Jason Anaya
|
0-0: Called Strike 0-1: Ball 1-1: Called Strike 1-2: Ball 2-2: Foul Ball, location: 2F 2-2: Foul Ball, location: 2F 2-2: Foul Ball, location: 2F 2-2: Ground out 6-3 (Groundball, 6, EV 85.6 MPH)
|
|
Batting: RHB Andy Urquhart
|
0-0: Reached on error, E2 (Groundball, 13S, EV 70.6 MPH)
|
|
Batting: RHB Matt Tittle
|
0-0: Ball 1-0: Ball 2-0: Ball Wild Pitch! Andy Urquhart to third 3-0: Called Strike 3-1: Swinging Strike 3-2: Base on Balls
|
|
Batting: RHB Matt Belgard
|
0-0: Ball 1-0: Ball 2-0: Ball 3-0: Base on Balls Matt Tittle to second
|
|
Pitching: RHP Robin Yelland
|
|
|
Batting: RHB Yi-lin Niu
|
0-0: Ball 1-0: Ball 2-0: Foul Ball, location: 2F 2-1: Fielders Choice at 2nd, 6-4 (Groundball, 6, EV 83.8 MPH) Andy Urquhart scores Matt Tittle to third
|
|
Batting: RHB Kevin Roseen
|
0-0: Ball 1-0: Ball 2-0: Called Strike 2-1: Ball 3-1: Called Strike 3-2: Base on Balls Yi-lin Niu to second
|
|
Batting: RHB Justin Bonner
|
0-0: Ball 1-0: Swinging Strike 1-1: Swinging Strike 1-2: Strikes out looking
|
| Bottom of the 9th over - 1 run, 0 hits, 1 error, 3 left on base; Quad Cities 26 - Lexington 15 |
|